 Dungeon Crawl Stone Soup version 0.30.1-3-gfc49f6343a (webtiles) character file.

Game seed: 13372854833427245023

296 Anriel the Slasher (level 6, 0/47 HPs)
             Began as a Human Gladiator on Aug 8, 2023.
             Killed by nerve-wracking pain
             ... invoked by a shadow imp
             ... summoned by Eustachio
              (10 damage)
             ... on level 4 of the Dungeon.
             The game lasted 00:13:31 (2236 turns).

Anriel the Slasher (Human Gladiator)                Turns: 2236, Time: 00:13:32

Health: 0/47       AC: 10    Str: 21    XL:     6   Next: 61%
Magic:  6/6        EV: 11    Int:  8    God:
Gold:   749        SH:  0    Dex: 16    Spells: 5/5 levels left

rFire   . . .        a - +1 long sword (heavy)
rCold   . . .        (no shield)
rNeg    . . .        h - +0 scale mail
rPois   .            c - +0 helmet
rElec   .            k - +0 cloak
rCorr   .            r - +0 pair of gloves
SInv    .            (no boots)
Will    .....        (no amulet) Stlth
                     n - +6 ring of strength
HPRegen 0.27/turn    (no ring)
MPRegen 0.10/turn

%: no passive effects
@: about to teleport
A: no striking features
a: no special abilities


You were on level 4 of the Dungeon.
You visited 1 branch of the dungeon, and saw 4 of its levels.

You collected 749 gold pieces.

Inventory:

Hand Weapons
 a - a +1 heavy long sword (weapon)
Missiles
 d - 3 throwing nets
 e - a javelin (quivered)
Armour
 c - a +0 helmet (worn)
 g - a scarf of repulsion
 h - a +0 scale mail (worn)
 k - a +0 cloak (worn)
 r - a +0 pair of gloves (worn)
Jewellery
 f - a ring of flight
 n - a +6 ring of strength (left hand)
Wands
 s - a wand of polymorph (9)
Scrolls
 i - a scroll of teleportation
 o - a scroll of amnesia
Potions
 b - a potion of invisibility {unknown}
 j - 2 potions of magic
 l - a potion of lignification {unknown}
 m - a potion of berserk rage {unknown}
 p - 2 potions of resistance {unknown}
 q - a potion of flight
 t - a potion of mutation {unknown}


   Skills:
 + Level 3.3 Fighting
 + Level 4.0 Long Blades
 - Level 2.0 Throwing
 * Level 3.6 Armour
 + Level 4.0 Dodging


You had 5 spell levels left.
You didn't know any spells.
Your spell library contained the following spells:

 Spells                   Type           Power      Damage    Failure   Level
 Necrotise                Necr           0%         1d4       75%         1
 Call Canine Familiar     Summ           0%         N/A       98%         3
 Portal Projectile        Hex/Tloc       0%         N/A       98%         3
 Vampiric Draining        Necr           0%         2d6       98%         3
 Leda's Liquefaction      Hex/Erth       0%         N/A       100%        4
 Agony                    Necr           0%         N/A       100%        5


Dungeon Overview and Level Annotations

Branches:
Dungeon (4/15)
 Temple: D:4-7

Altars:
Gozag
Kikubaaqudgha
Nemelex Xobeh

Annotations:
D:4 Eustachio


Message History

The quokka closely misses you.
The river rat bites you but does no damage.
The rat closely misses you. x2
Eustachio casts a spell.
Eustachio blinks!
The quokka attacks as you move away! The quokka barely misses you.
The river rat barely misses you.
The rat twitches its whiskers.
The quokka bites you but does no damage.
You slash Eustachio!
Eustachio is severely wounded.
The river rat bites you!
The rat bites you but does no damage. x2
The quokka bites you but does no damage.
Eustachio screams, "Hey, you killed my favourite bat!"
Eustachio hits you but does no damage.
The river rat bites you but does no damage.
The rat closely misses you. The rat bites you but does no damage.
The quokka bites you but does no damage.
You miss Eustachio.
Eustachio is severely wounded.
Eustachio casts a spell.
The river rat barely misses you. The quokka misses you.
The rat bites you but does no damage. x2; Eustachio barely misses you.
The river rat closely misses you. The quokka barely misses you.
The rat closely misses you. The rat barely misses you.
You slash Eustachio!
Eustachio is almost dead.
The quokka bites you. Eustachio hits you but does no damage.
The river rat closely misses you. The rat completely misses you.
The rat closely misses you. The quokka closely misses you.
Eustachio barely misses you. The river rat bites you.
* * * LOW HITPOINT WARNING * * *
The rat bites you.
* * * LOW HITPOINT WARNING * * *
The rat bites you but does no damage.
As you read the scroll of teleportation, it crumbles to dust.
You feel strangely unstable. The shadow imp gestures at you.
Pain shoots through your body!
You die...

######## #.
.......####.#########
..................#.#
######.######..##..##
######.# ##........##
#......####..........###
#.#####..........>......
#.# #....#...5@r..####
#.# #....#....@r..#..#
#.# #.........rr..$# #.#
#..............#
#'#####....#........#)...
......#....##..##..######
......#........##...
......# ###.. #####
#+##### ##. #.###


You could see Eustachio, a river rat (summoned), a shadow imp (summoned), a
quokka (summoned) and 2 rats.

Vanquished Creatures
  A phantom (D:4)
  2 hounds (D:4)
  A jelly (D:4)
  An iguana (D:4)
  5 adders
  An ufetubus (D:4)
  A worm (D:2)
  3 orcs
  3 ball pythons
  3 bats
  2 endoplasms
  5 giant cockroaches
  4 goblins
  5 hobgoblins
  4 jackals (D:2)
  8 kobolds
  4 quokkas
  A frilled lizard (D:1)
  3 rats (D:2)
57 creatures vanquished.

Notes
Turn   | Place    | Note
-------+----------+-------------------------------------------
     0 | D:1      | Anriel the Human Gladiator began the quest for the Orb.
     0 | D:1      | Reached XP level 1. HP: 16/16 MP: 1/1
   177 | D:1      | Reached XP level 2. HP: 22/22 MP: 2/2
   272 | D:1      | Reached skill level 1 in Armour
   590 | D:2      | Reached XP level 3. HP: 25/27 MP: 3/3
   927 | D:2      | Reached XP level 4. HP: 30/34 MP: 4/4
   960 | D:2      | Found a faded altar of an unknown god.
  1212 | D:2      | Identified a scroll of acquirement
  1212 | D:2      | Acquired 570 gold pieces
  1342 | D:3      | Found a sparkling altar of Nemelex Xobeh.
  1342 | D:3      | Found an opulent altar of Gozag.
  1796 | D:4      | Noticed a phantom
  1816 | D:4      | Killed a phantom
  1817 | D:4      | Reached XP level 5. HP: 37/41 MP: 5/5
  1840 | D:4      | Found an ancient bone altar of Kikubaaqudgha.
  1955 | D:4      | Reached XP level 6. HP: 44/47 MP: 6/6
  2215 | D:4      | Noticed Eustachio
  2236 | D:4      | Killed from afar by a shadow imp

Illustrated notes

Levels and vault maps discovered:
D:1:      dpeg_arrival_windows_large_door, layout_loops_cross
D:2:      layout_loops_cross, hellmonk_ecumenical_altar_heavens_door
D:3:      layout_basic, grunt_temple_overflow_opulence
D:4:      wander_river, layout_basic, kiku_gazebo_garden_becter, st_stairs_5,
          uniq_crazy_yiuf_cottage, uniq_grinder, uniq_eustachio

Skill      XL: |  1  2  3  4  5  6 |
---------------+-------------------+-----
Armour         | 1 2 3 |  3.6
Fighting       | 3 |  3.3
Long Blades    | 4 |  4.0
Dodging        | 4 |  4.0
Throwing       | |  2.0

Action                     |  1- 3 |  4- 6 || total
---------------------------+-------+-------++-------
  Melee: Long sword        |   103 |    74 ||   177
         Punch             |     1 |     1 ||     2
  Throw: Javelin           |       |     2 ||     2
    Use: Scroll            |     2 |     8 ||    10
 Armour: Scale mail        |    53 |    57 ||   110
         Leather armour    |     2 |       ||     2
  Dodge: Dodged            |    64 |    85 ||   149
